 Dungeon Crawl Stone Soup version 0.25.0-9-g26727b657a (webtiles) character file.

Game seed: 7397237120863297339

143 Esekla the Grave Robber (level 5, -4/25 HPs)
             Began as a Spriggan Necromancer on June 16, 2020.
             Was an Initiate of Trog (penitent).
             Slain by a gnoll
             ... wielding a +0 halberd
              (13 damage)
             ... on level 3 of the Dungeon.
             The game lasted 00:20:15 (3657 turns).

Esekla the Grave Robber (Spriggan Necromancer)      Turns: 3657, Time: 00:20:15

Health: -4/25      AC:  3    Str:  4    XL:     5   Next: 4%
Magic:  2/11       EV: 19    Int: 18    God:    Trog [*]
Gold:   134        SH:  0    Dex: 16    Spells: 7/11 levels left

rFire    . . .     SeeInvis +   m - +0 short sword
rCold    . . .     Gourm    .   (shield restricted)
rNeg     . . .     Faith    .   a - +0 robe
rPois    +         Spirit   .   o - +1 hat
rElec    .         Reflect  .   (no cloak)
rCorr    .         Harm     .   (gloves unavailable)
MR       .....                  (boots unavailable)
Stlth    +++.......             (no amulet)
HPRegen  0.08/turn              b - ring of poison resistance
MPRegen  0.12/turn              (no ring)

@: very quick
A: very small, unfitting armour, see invisible, herbivore, speed 3, slow
metabolism 2
a: Renounce Religion


You were on level 3 of the Dungeon.
You worshipped Trog.
Trog was demanding penance.
You were not hungry.

You visited 1 branch of the dungeon, and saw 3 of its levels.

You collected 134 gold pieces.

Inventory:

Hand Weapons
 m - a +0 short sword (weapon)
Missiles
 s - 5 boomerangs (quivered)
Armour
 a - a +0 robe (worn)
 o - a +1 hat (worn)
Jewellery
 b - a ring of poison resistance (left hand)
 h - an uncursed ring of fire
Scrolls
 d - a scroll of amnesia {unknown}
 g - a scroll of fear {unknown}
 l - 3 scrolls of identify {unknown}
 q - a scroll of blinking {unknown}
 t - a scroll of noise {unknown}
Potions
 e - a potion of invisibility {unknown}
 f - 2 potions of flight {unknown}
 i - a potion of mutation {unknown}
 j - a potion of cancellation {unknown}
 k - a potion of degeneration {unknown}
 n - a potion of brilliance {unknown}
 p - a potion of ambrosia {unknown}
 r - a potion of berserk rage {unknown}
 u - a potion of stabbing {unknown}
Comestibles
 c - 5 rations


   Skills:
 + Level 0.4 Fighting
 + Level 2.1 Short Blades
 * Level 4.1 Dodging
 + Level 3.9 Stealth
 - Level 3.9 Spellcasting
 - Level 4.2 Necromancy


You had 7 spell levels left.
You knew the following spells:

 Your Spells              Type           Power        Failure   Level  Hunger
a - Pain                  Necr           ###.         2%          1    None
d - Vampiric Draining     Necr           ###.......   8%          3    ###....

Your spell library contained the following spells:

 Spells                   Type           Power        Failure   Level  Hunger
 Animate Skeleton         Necr           N/A          2%          1    None
 Animate Dead             Necr           N/A          26%         4    ####...
 Agony                    Necr           ###.....     58%         5    ######.


Dungeon Overview and Level Annotations

Branches:
Dungeon (3/15)

Altars:
Cheibriados
Elyvilon
Hepliaklqana
Nemelex Xobeh
Okawaru
Trog
Yredelemnul
The Shining One


Innate Abilities, Weirdness & Mutations

You are very small and have problems with some larger weapons.
You are too small for most types of armour.
You have supernaturally acute eyesight. (SInv)
You are a herbivore.
You cover ground extremely quickly.
You need to consume almost no food.


Message History

The gnoll closely misses you.
You hit the gnoll but do no damage.
The gnoll is lightly wounded.
The gnoll barely misses you.
You completely miss the gnoll.
The gnoll is lightly wounded.
The gnoll hits you with a +0 halberd!
You barely miss the gnoll.
The gnoll is lightly wounded.
The gnoll completely misses you.
You hit the gnoll but do no damage.
The gnoll is lightly wounded.
The gnoll misses you.
You hit the gnoll.
The gnoll is moderately wounded.
You hit the gnoll.
The gnoll is heavily wounded.
The gnoll hits you with a +0 halberd!
Ouch! That really hurt!
You die...

######...# .......[.#
######## ######...#
#.[....# ##..## #......#
##⌠.⌠## #..8...# ##.._..#
#.8_8..###
#####..⌠.⌠.####..8.......
.......(........†......##
#####...........@.####.#
# ##.###.#####g.# # # ###
#.# #..# # #.# #.## # #.#
#.# #.#####.#####..
...........g...
#####.##)...... #.
.#####S


You could see a gnoll.

Vanquished Creatures
  A worker ant (D:3)
  A gnoll (D:3)
  3 adders (D:2)
  2 oozes
  2 worms (D:2)
  3 dart slugs
  5 leopard geckos
  An orc (D:3)
  11 bats
  A giant cockroach (D:2)
  4 goblins
  5 hobgoblins
  3 jackals (D:3)
  5 kobolds
  A quokka (D:3)
  A ball python (D:1)
  4 frilled lizards
  2 gnoll zombies (D:2)
  A quokka skeleton (D:3)
  7 rats
63 creatures vanquished.

Notes
Turn   | Place    | Note
-------+----------+-------------------------------------------
     0 | D:1      | Esekla the Spriggan Necromancer began the quest for the
                  | Orb.
     0 | D:1      | Reached XP level 1. HP: 9/9 MP: 5/5
     2 | D:1      | Noticed a felid
     4 | D:1      | Noticed a vine stalker
     4 | D:1      | Noticed a tengu
     6 | D:1      | Noticed a troll
     8 | D:1      | Noticed a halfling
     8 | D:1      | Noticed a demigod
    10 | D:1      | Noticed a vampire
    10 | D:1      | Noticed a gargoyle
    12 | D:1      | Noticed a human
    14 | D:1      | Noticed a naga
    16 | D:1      | Noticed an elf
    16 | D:1      | Noticed a merfolk
    18 | D:1      | Noticed a centaur
    18 | D:1      | Noticed a minotaur
    20 | D:1      | Noticed an octopode
    20 | D:1      | Noticed a demonspawn
    22 | D:1      | Noticed a spriggan
    22 | D:1      | Noticed a dwarf
    24 | D:1      | Noticed a ghoul
    24 | D:1      | Noticed an ogre
    26 | D:1      | Noticed a draconian
    26 | D:1      | Noticed a formicid
   491 | D:1      | Reached XP level 2. HP: 6/13 MP: 4/7
  1912 | D:1      | Reached XP level 3. HP: 15/16 MP: 6/8
  1917 | D:1      | Learned a level 3 spell: Vampiric Draining
  2444 | D:2      | Found a white marble altar of Elyvilon.
  2457 | D:2      | Found a glowing golden altar of the Shining One.
  2540 | D:2      | Reached XP level 4. HP: 14/21 MP: 2/10
  2662 | D:2      | Reached skill level 1 in Short Blades
  2717 | D:2      | Found a hazy altar of Hepliaklqana.
  2737 | D:2      | Found a snail-covered altar of Cheibriados.
  3011 | D:2      | Found a basalt altar of Yredelemnul.
  3103 | D:2      | Found an iron altar of Okawaru.
  3591 | D:3      | Found a sparkling altar of Nemelex Xobeh.
  3609 | D:3      | Found a faded altar of an unknown god.
  3640 | D:3      | Became a worshipper of Trog the Wrathful
  3640 | D:3      | Reached * piety under Trog
  3642 | D:3      | Was placed under penance by Trog
  3646 | D:3      | Reached XP level 5. HP: 15/25 MP: 1/11
  3657 | D:3      | Slain by a gnoll

Illustrated notes

Levels and vault maps discovered:
D:1:      kb_arrival_jail, layout_basic, st_stairs_13, minmay_tiny_reverse_x
D:2:      layout_loops_ring, lemuel_zombie_altar_yredelemnul,
          old_standard_altar, elyvilon_altar_5, lemuel_coloured_pillars_altar,
          lemuel_crystal_altar, overflow_temple_1_default, first_ration
D:3:      layout_loops_ring, zin_statuary, nemelex_xobeh_ov_fountains_minmay,
          chequers_ecumenical_altar_simple

Skill      XL: |  1  2  3  4 |
---------------+-------------+-----
Spellcasting   | 3 |  3.9
Necromancy     | 4 |  4.2
Short Blades   | 2 |  2.1
Dodging        | 4 |  4.1
Fighting       | |  0.4
Stealth        | |  3.9

Action                   |  1- 3 |  4- 6 || total
-------------------------+-------+-------++-------
Melee: Dagger            |    18 |       ||    18
       Short sword       |    51 |   177 ||   228
 Cast: Pain              |    33 |       ||    33
       Vampiric Draining |     5 |     8 ||    13
 Stab: Sleeping          |     7 |     5 ||    12
       Distracted        |     1 |       ||     1
  Eat: Ration            |       |     1 ||     1
Armor: Robe              |     8 |    17 ||    25
Dodge: Dodged            |    81 |   137 ||   218
